NYP
TRI-CITY DUST DEVILS @ WILLIAMSPORT CROSSCUTTERS
10/05/2048
 
TOP OF THE 1ST
University of Conneticut Huskies batting - Pitching for University of Oklahoma Sooners : LHP Mickey Spang
Pitching: LHP Mickey Spang
Batting: RHB Kyle Finney 0-0: Called Strike
0-1: Ball
1-1: SINGLE (Line Drive, 34D, EV 98.8 MPH)
Batting: LHB Andrew Barzee 0-0: Hit by Pitch
Kyle Finney to second
Batting: RHB Roku Kawano 0-0: Called Strike
0-1: Ball
1-1: SINGLE (Groundball, 56D, EV 95.0 MPH)
Kyle Finney to third
Andrew Barzee to second
Runner from 3rd tries for Home, SAFE, throw by LF to home
Batting: LHB Greg James 0-0: Called Strike
0-1: Foul Ball, location: 2F
0-2: Ball
1-2: 3-RUN HOME RUN (Line Drive, 9LD, EV 93.8 MPH), Distance : 351 ft
Batting: LHB Hector Acosta 0-0: Called Strike
0-1: Foul Ball, location: 2F
0-2: Strikes out swinging
Batting: RHB Jordan Nicholas 0-0: Swinging Strike
0-1: Ball
1-1: Swinging Strike
1-2: Foul Ball, location: 2F
1-2: Ball
2-2: Ball
3-2: DOUBLE (Flyball, 89D, EV 101.9 MPH)
Batting: LHB Omar Alba 0-0: Called Strike
0-1: Swinging Strike
0-2: Ball
1-2: Ground out 2-3 (Groundball, 15S, EV 69.4 MPH)
Jordan Nicholas to third
Batting: RHB Cullen Elliott 0-0: Called Strike
0-1: DOUBLE (Flyball, 8LD, EV 106.2 MPH)
Jordan Nicholas scores
Batting: RHB Jack Vokey 0-0: Ground out 1-3 (Groundball, 13, EV 68.8 MPH)
Top of the 1st over - 5 runs, 5 hits, 0 errors, 1 left on base; University of Conneticut 5 - University of Oklahoma 0
BOTTOM OF THE 1ST
University of Oklahoma Sooners batting - Pitching for University of Conneticut Huskies : RHP Jordan Watkins
Pitching: RHP Jordan Watkins
Batting: LHB Alex Benabides 0-0: Called Strike
0-1: DOUBLE (Line Drive, 8LXD, EV 94.4 MPH)
Batting: RHB Victor Borras 0-0: Ball
1-0: Foul Ball, location: 2F
1-1: Foul Ball, location: 2F
1-2: Reached on error, E4 (Groundball, 34, EV 92.5 MPH)
Alex Benabides scores
Batting: RHB Jon Chatman 0-0: Foul Ball, location: 2F
0-1: SINGLE (Groundball, 4S, EV 69.4 MPH) (infield hit)
Victor Borras to third
Batting: LHB Alex Gutierrez 0-0: Ball
1-0: Ball
Jon Chatman steals 2nd base
2-0: Called Strike
2-1: Swinging Strike
2-2: Strikes out looking
Batting: RHB Ruben Arreola 0-0: Ball
1-0: Called Strike
1-1: Ball
2-1: Ball
3-1: Foul Ball, location: 2F
3-2: Fly out, F3 (Popup, 3F, EV 79.4 MPH)
Batting: LHB Cameron Marinelli 0-0: Called Strike
0-1: Foul Ball, location: 2F
0-2: Ball
1-2: Fly out, F7 (Flyball, 7, EV 88.1 MPH)
Bottom of the 1st over - 1 run, 2 hits, 1 error, 2 left on base; University of Conneticut 5 - University of Oklahoma 1
TOP OF THE 2ND
University of Conneticut Huskies batting - Pitching for University of Oklahoma Sooners : LHP Mickey Spang
Batting: RHB Kyle Finney 0-0: Foul Ball, location: 2F
0-1: Ball
1-1: Foul Ball, location: 2F
1-2: Strikes out swinging
Batting: LHB Andrew Barzee 0-0: Ball
1-0: Ball
2-0: Called Strike
2-1: SINGLE (Groundball, 6MD, EV 103.8 MPH)
Batting: RHB Roku Kawano 0-0: Ball
1-0: Called Strike
1-1: Foul Ball, location: 2F
1-2: Ball
2-2: Ball
3-2: Base on Balls
Andrew Barzee to second
Pitching: RHP Frank Diego
Batting: LHB Greg James 0-0: Ball
1-0: Fielders Choice at 2nd, 6-4 (Groundball, 6S, EV 91.9 MPH)
Andrew Barzee to third
Batting: LHB Hector Acosta 0-0: Called Strike
0-1: Called Strike
0-2: Strikes out swinging
Top of the 2nd over - 0 runs, 1 hit, 0 errors, 2 left on base; University of Conneticut 5 - University of Oklahoma 1
BOTTOM OF THE 2ND
University of Oklahoma Sooners batting - Pitching for University of Conneticut Huskies : RHP Jordan Watkins
Batting: RHB Jesus Montoya 0-0: SINGLE (Groundball, 6D, EV 101.2 MPH)
Batting: LHB Toby Clark 0-0: Called Strike
Jesus Montoya steals 2nd base
0-1: Ground out U3 (Groundball, 3, EV 89.4 MPH)
Jesus Montoya to third
Batting: RHB Sam Mason 0-0: Ball
1-0: Ball
2-0: Foul Ball, location: 2F
2-1: Ball
3-1: Foul Ball, location: 2F
3-2: Foul Ball, location: 2F
3-2: Ground out 6-3 (Groundball, 6, EV 98.8 MPH)
Jesus Montoya scores
Batting: LHB Alex Benabides 0-0: Ball
1-0: Foul Ball, location: 2F
1-1: Ball
2-1: Ball
3-1: Called Strike
3-2: Base on Balls
Batting: RHB Victor Borras 0-0: Called Strike
0-1: Swinging Strike
0-2: Ball
1-2: Ball
Alex Benabides steals 2nd base
2-2: Foul Ball, location: 2F
2-2: Ball
3-2: Fly out, F4 (Popup, 4S, EV 63.1 MPH)
Bottom of the 2nd over - 1 run, 1 hit, 0 errors, 1 left on base; University of Conneticut 5 - University of Oklahoma 2
TOP OF THE 3RD
University of Conneticut Huskies batting - Pitching for University of Oklahoma Sooners : RHP Frank Diego
Batting: RHB Jordan Nicholas 0-0: Foul Ball, location: 2F
0-1: Fly out, F7 (Flyball, 7LM, EV 90.6 MPH)
Batting: LHB Omar Alba 0-0: Called Strike
0-1: Ball
1-1: Ball
2-1: Foul Ball, location: 2F
2-2: Foul Ball, location: 2F
2-2: Ball
3-2: Foul Ball, location: 2F
3-2: Fly out, F8 (Flyball, 8RM, EV 82.5 MPH)
Batting: RHB Cullen Elliott 0-0: Ground out 2-3 (Groundball, 13S, EV 63.8 MPH)
Top of the 3rd over - 0 runs, 0 hits, 0 errors, 0 left on base; University of Conneticut 5 - University of Oklahoma 2
BOTTOM OF THE 3RD
University of Oklahoma Sooners batting - Pitching for University of Conneticut Huskies : RHP Jordan Watkins
Batting: RHB Jon Chatman 0-0: Ball
1-0: Foul Ball, location: 2F
1-1: Foul Ball, location: 2F
1-2: Ball
2-2: Ball
3-2: Ground out 6-3 (Groundball, 6, EV 79.4 MPH)
Batting: LHB Alex Gutierrez 0-0: Called Strike
0-1: Ball
1-1: Fly out, F4 (Line Drive, 4M, EV 64.4 MPH)
Batting: RHB Ruben Arreola 0-0: Ground out 6-3 (Groundball, 6M, EV 81.2 MPH)
Bottom of the 3rd over - 0 runs, 0 hits, 0 errors, 0 left on base; University of Conneticut 5 - University of Oklahoma 2
TOP OF THE 4TH
University of Conneticut Huskies batting - Pitching for University of Oklahoma Sooners : RHP Frank Diego
Batting: RHB Jack Vokey 0-0: Called Strike
0-1: Ball
1-1: Called Strike
1-2: Ball
2-2: Ground out 5-3 (Groundball, 5L, EV 99.4 MPH)
Batting: RHB Kyle Finney 0-0: Ground out U3 (Groundball, 3, EV 102.5 MPH)
Batting: LHB Andrew Barzee 0-0: Called Strike
0-1: Called Strike
0-2: Strikes out swinging
Top of the 4th over - 0 runs, 0 hits, 0 errors, 0 left on base; University of Conneticut 5 - University of Oklahoma 2
BOTTOM OF THE 4TH
University of Oklahoma Sooners batting - Pitching for University of Conneticut Huskies : RHP Jordan Watkins
Batting: LHB Cameron Marinelli 0-0: Fly out, F8 (Line Drive, 8LM, EV 95.0 MPH)
Batting: RHB Jesus Montoya 0-0: Foul Ball, location: 2F
0-1: Swinging Strike
0-2: Foul Ball, location: 2F
0-2: Strikes out swinging
Batting: LHB Toby Clark 0-0: Ground out U3 (Groundball, 34, EV 85.0 MPH)
Bottom of the 4th over - 0 runs, 0 hits, 0 errors, 0 left on base; University of Conneticut 5 - University of Oklahoma 2
TOP OF THE 5TH
University of Conneticut Huskies batting - Pitching for University of Oklahoma Sooners : RHP Frank Diego
Pitching: RHP Alex Mendoza
Now at C: Jason Higgins
Now at 1B: Sugiarto Kartosuwiryo
Now at 2B: Myles Sabine
Batting: RHB Roku Kawano 0-0: Ball
1-0: Ball
2-0: Ball
3-0: Called Strike
3-1: Foul Ball, location: 2F
3-2: Foul Ball, location: 2F
3-2: Fly out, F8 (Flyball, 8RD, EV 96.2 MPH)
Pinch Hitting: RHB Victor Ramos 0-0: Ball
1-0: Foul Ball, location: 2F
1-1: Ball
2-1: Foul Ball, location: 2F
2-2: Ground out 4-3 (Groundball, 4S, EV 85.6 MPH)
Pitching: LHP Jeff Bruggeman
Batting: LHB Hector Acosta 0-0: DOUBLE (Line Drive, 9LM, EV 96.2 MPH)
Batting: RHB Jordan Nicholas 0-0: Ground out 6-3 (Groundball, 6, EV 80.6 MPH)
Top of the 5th over - 0 runs, 1 hit, 0 errors, 1 left on base; University of Conneticut 5 - University of Oklahoma 2
BOTTOM OF THE 5TH
University of Oklahoma Sooners batting - Pitching for University of Conneticut Huskies : RHP Jordan Watkins
Now in RF: Victor Nava
Batting: RHB Sam Mason 0-0: Called Strike
0-1: Swinging Strike
0-2: Ball
1-2: Foul Ball, location: 2F
1-2: Strikes out swinging
Batting: LHB Alex Benabides 0-0: Ball
1-0: Bunt missed!
1-1: Foul Ball, location: 2F
1-2: Fly out, F9 (Line Drive, 9S, EV 88.8 MPH)
Batting: RHB Sugiarto Kartosuwiryo 0-0: Ball
1-0: Called Strike
1-1: Ball
2-1: Ground out 5-3 (Groundball, 56S, EV 68.1 MPH)
Bottom of the 5th over - 0 runs, 0 hits, 0 errors, 0 left on base; University of Conneticut 5 - University of Oklahoma 2
TOP OF THE 6TH
University of Conneticut Huskies batting - Pitching for University of Oklahoma Sooners : LHP Jeff Bruggeman
Pitching: RHP Colin Jensen
Now at SS: Jon Hubbard
Now in LF: Kjeld Leen
Now in CF: Virgil Wenz
Now in RF: Paul Mooris
Batting: LHB Omar Alba 0-0: Called Strike
0-1: Swinging Strike
0-2: Ball
1-2: Strikes out swinging
Batting: RHB Cullen Elliott 0-0: Ball
1-0: Called Strike
1-1: Fly out, F8 (Line Drive, 8LM, EV 91.2 MPH)
Batting: RHB Jack Vokey 0-0: SINGLE (Line Drive, 56D, EV 98.8 MPH)
Batting: RHB Charlie Slayback 0-0: Swinging Strike
0-1: Fielders Choice at 2nd, 5-4 (Groundball, 56, EV 100.0 MPH)
Top of the 6th over - 0 runs, 1 hit, 0 errors, 1 left on base; University of Conneticut 5 - University of Oklahoma 2
BOTTOM OF THE 6TH
University of Oklahoma Sooners batting - Pitching for University of Conneticut Huskies : RHP Jordan Watkins
Pitching: RHP Tony de Anda
Now at C: Miguel Perez
Now at 1B: Lee Wilbur
Batting: RHB Jason Higgins 0-0: Called Strike
0-1: Foul Ball, location: 2F
0-2: Strikes out swinging
Batting: LHB Paul Mooris 0-0: Foul Ball, location: 2F
0-1: Ball
1-1: Swinging Strike
1-2: SINGLE (Line Drive, 78M, EV 106.9 MPH)
Batting: LHB Jon Terrones 0-0: Called Strike
0-1: Swinging Strike
0-2: Ball
1-2: Foul Ball, location: 2F
1-2: Strikes out swinging
Paul Mooris steals 2nd base
Batter strikes out.
Pinch Hitting: LHB Pedro Marrero 0-0: Called Strike
0-1: Swinging Strike
0-2: Ball
1-2: Foul Ball, location: 2F
1-2: Ball
2-2: Foul Ball, location: 2F
2-2: Ball
3-2: Foul Ball, location: 2F
3-2: Strikes out looking
Bottom of the 6th over - 0 runs, 1 hit, 0 errors, 1 left on base; University of Conneticut 5 - University of Oklahoma 2
TOP OF THE 7TH
University of Conneticut Huskies batting - Pitching for University of Oklahoma Sooners : RHP Colin Jensen
Now at 2B: Benedetto Legnano
Now at 3B: Jon Hubbard
Now at SS: David Stuckey
Batting: RHB Lee Wilbur 0-0: Ball
1-0: Fly out, F8 (Flyball, 78M, EV 91.9 MPH)
Batting: SHB Miguel Perez 0-0: Ball
1-0: Swinging Strike
1-1: Ball
2-1: Swinging Strike
2-2: Strikes out swinging, 2-3 out at first.
Batting: RHB Victor Nava 0-0: Ball
1-0: Swinging Strike
1-1: Called Strike
1-2: Strikes out swinging
Top of the 7th over - 0 runs, 0 hits, 0 errors, 0 left on base; University of Conneticut 5 - University of Oklahoma 2
BOTTOM OF THE 7TH
University of Oklahoma Sooners batting - Pitching for University of Conneticut Huskies : RHP Tony de Anda
Pitching: RHP Gabe Martinez
Batting: RHB Kjeld Leen 0-0: Called Strike
0-1: Foul Ball, location: 2F
0-2: Foul Ball, location: 2F
0-2: Ball
1-2: Ball
2-2: Foul Ball, location: 2F
2-2: Strikes out swinging
Batting: RHB David Stuckey 0-0: Ball
1-0: Foul Ball, location: 2F
1-1: Ball
2-1: Called Strike
2-2: Foul Ball, location: 2F
2-2: Strikes out swinging
Pinch Hitting: LHB Min-zhong Ching 0-0: Called Strike
0-1: Ball
1-1: Ground out 6-3 (Groundball, 6M, EV 89.4 MPH)
Bottom of the 7th over - 0 runs, 0 hits, 0 errors, 0 left on base; University of Conneticut 5 - University of Oklahoma 2
TOP OF THE 8TH
University of Conneticut Huskies batting - Pitching for University of Oklahoma Sooners : RHP Colin Jensen
Pitching: LHP Keith Brushett
Now in LF: Min-zhong Ching
Now in CF: Kjeld Leen
Batting: LHB Hector Acosta 0-0: Ball
1-0: Foul Ball, location: 2F
1-1: Ground out 4-3 (Groundball, 4, EV 98.8 MPH)
Batting: RHB Jordan Nicholas 0-0: Ball
1-0: Ball
2-0: Called Strike
2-1: Called Strike
2-2: Ball
3-2: Base on Balls
Batting: LHB Omar Alba 0-0: Ball
Jordan Nicholas is caught stealing 2nd base 2-6
1-0: Ball
2-0: SINGLE (Line Drive, 78S, EV 103.1 MPH)
Batting: RHB Cullen Elliott 0-0: Called Strike
0-1: Called Strike
0-2: Ball
1-2: Strikes out swinging
Top of the 8th over - 0 runs, 1 hit, 0 errors, 1 left on base; University of Conneticut 5 - University of Oklahoma 2
BOTTOM OF THE 8TH
University of Oklahoma Sooners batting - Pitching for University of Conneticut Huskies : RHP Gabe Martinez
Pitching: LHP Jim Weinberg
Pinch Hitting: SHB Orlando Uribe 0-0: Ball
1-0: Ground out 6-3 (Groundball, 6, EV 110.6 MPH)
Batting: RHB Sugiarto Kartosuwiryo 0-0: Called Strike
0-1: Ball
1-1: Foul Ball, location: 2F
1-2: Foul Ball, location: 2F
1-2: Ball
2-2: Strikes out swinging
Batting: RHB Jason Higgins 0-0: SOLO HOME RUN (Flyball, 7LD, EV 96.9 MPH), Distance : 367 ft
Batting: LHB Paul Mooris 0-0: Called Strike
0-1: Ball
1-1: Ball
2-1: Ground out U3 (Groundball, 3, EV 105.6 MPH)
Bottom of the 8th over - 1 run, 1 hit, 0 errors, 0 left on base; University of Conneticut 5 - University of Oklahoma 3
TOP OF THE 9TH
University of Conneticut Huskies batting - Pitching for University of Oklahoma Sooners : LHP Keith Brushett
Pitching: LHP Brandon Lahoda
Now at 3B: Eric Peterson
Batting: RHB Jack Vokey 0-0: Ball
1-0: Ball
2-0: Swinging Strike
2-1: Called Strike
2-2: Ground out 6-3 (Groundball, 6, EV 110.0 MPH)
Batting: RHB Charlie Slayback 0-0: Called Strike
0-1: Foul Ball, location: 2F
0-2: Ball
1-2: Ball
2-2: Foul Ball, location: 2F
2-2: Ball
3-2: Foul Ball, location: 2F
3-2: Strikes out swinging
Pinch Hitting: SHB Ismael Vega 0-0: Ball
1-0: Ball
2-0: Ball
3-0: Called Strike
3-1: Base on Balls
Pinch Hitting: RHB Paul Pastrano 0-0: Ball
1-0: Called Strike
1-1: Ball
2-1: Swinging Strike
2-2: Strikes out looking
Top of the 9th over - 0 runs, 0 hits, 0 errors, 1 left on base; University of Conneticut 5 - University of Oklahoma 3
BOTTOM OF THE 9TH
University of Oklahoma Sooners batting - Pitching for University of Conneticut Huskies : LHP Jim Weinberg
Pitching: LHP William Garcia
Now at C: Matthew Lanford
Now at 1B: Ismael Vega
Batting: LHB Jon Terrones 0-0: Ball
1-0: Ball
2-0: Swinging Strike
2-1: Foul Ball, location: 2F
2-2: Strikes out looking
Batting: SHB Benedetto Legnano 0-0: Ball
1-0: Foul Ball, location: 2F
1-1: Ball
2-1: Swinging Strike
2-2: Strikes out swinging
Batting: RHB Kjeld Leen 0-0: Ball
1-0: Called Strike
1-1: Foul Ball, location: 2F
1-2: Strikes out swinging
Bottom of the 9th over - 0 runs, 0 hits, 0 errors, 0 left on base; University of Conneticut 5 - University of Oklahoma 3
Tuesday, March 28th , 2023 - OOTP Baseball 23.10 Build 110